 Dungeon Crawl Stone Soup version 0.32-a0-612-g1c984fe9d1 (webtiles) character file.

Game seed: 8024764972171383460

119 cforsyth the Grave Robber (level 4, -1/38 HPs)
             Began as a Mountain Dwarf Necromancer on Mar 4, 2024.
             Slain by a bombardier beetle (2 damage)
             ... on level 3 of the Dungeon.
             The game lasted 00:04:11 (3284 turns).

cforsyth the Grave Robber (MDNe)                    Turns: 3284, Time: 00:04:11

Health: -1/38      AC:  3    Str: 11 (12) XL:     4   Next: 74%
Magic:  1/6        EV: 11    Int: 14 (16) God:
Gold:   112        SH:  0    Dex:  7 (10) Spells: 5/6 levels left

rFire   . . .        a - +0 hand axe
rCold   + . .        (no shield)
rNeg    . . .        j - +0 leather armour
rPois   .            (no helmet)
rElec   .            (no cloak)
rCorr   .            (no gloves)
SInv    .            (no boots)
Will    .....        (no amulet)
Stlth   +            C - ring of protection from cold
HPRegen 0.26/turn    (no ring)
MPRegen 0.10/turn

%: no passive effects
@: on fire, glowing
A: runic magic, artefact enchanting
a: no special abilities


You were on level 3 of the Dungeon.
You visited 1 branch of the dungeon, and saw 3 of its levels.

You collected 112 gold pieces.


Innate Abilities, Weirdness & Mutations

Your spellcasting is much less encumbered by armour.
You can use scrolls of enchantment on lesser artefacts.


   Skills:
 + Level 3.3 Fighting
 - Level 1.3 Dodging
 - Level 1.4 Stealth
 - Level 1.7 Spellcasting
 + Level 5.7 Necromancy


You had 5 spell levels left.
You knew the following spells:

 Your Spells              Type           Power      Damage    Failure   Level
X - Necrotise             Necr           68%        1d7       2%          1

Your spell library contained the following spells:

 Spells                   Type           Power      Damage    Failure   Level
 Vampiric Draining        Necr           17%        2d7       8%          3
 Apportation              Tloc           2%         N/A       26%         1
 Sting                    Conj/Alch      4%         1d3       26%         1
 Summon Small Mammal      Summ           4%         N/A       26%         1
 Animate Dead             Necr           17%        N/A       26%         4
 Curse of Agony           Necr           17%        N/A       56%         5

Inventory:

Hand Weapons
 a - a +0 hand axe (weapon)
 l - a +2 dagger of pain
Armour
 j - a +0 leather armour (worn)
Jewellery
 C - a ring of protection from cold (left hand)
Scrolls
 d - a scroll of enchant armour {unknown}
 k - 2 scrolls of identify {unknown}
 m - a scroll of summoning {unknown}
 p - a scroll of revelation {unknown}
 q - 2 scrolls of teleportation {unknown}
Potions
 b - a potion of magic
 c - a potion of attraction {unknown}
 e - 2 potions of degeneration
 f - a potion of brilliance
 g - a potion of mutation {unknown}
 h - a potion of haste {unknown}
 n - a potion of resistance {unknown}

Dungeon Overview and Level Annotations

Branches:
Dungeon (3/15)

Altars:

## .. .# ##########
.#
.........######.#.#
...).....'....@...#
.........######B###
.........# .#
.........# .#
.######.## .#
........#######+#
.######.#........
#.#........
#.#........


You could see a bombardier beetle.


Message History

You barely miss the bombardier beetle.
The bombardier beetle is almost dead.
The liquid fire burns you!
* * * LOW HITPOINT WARNING * * *
The bombardier beetle bites you.
* * * LOW HITPOINT WARNING * * *
Unknown command.
Unknown command.
Unknown command.
It was a potion of cancellation.
You are no longer on fire.
Your magical effects are unravelling.
You feel magically purged.
You feel a little less clever now.
The bombardier beetle bites you but does no damage.
You barely miss the bombardier beetle.
The bombardier beetle is almost dead.
Unknown command.
You barely miss the bombardier beetle.
The bombardier beetle is almost dead.
The bombardier beetle sprays incendiary fluid at you.
The burning spray hits you.
You are covered in liquid fire!
Unknown command.
It was a potion of degeneration.
There was something very wrong with that liquid.
You feel weakened.
You feel dopey.
You feel clumsy. The liquid fire burns you!
* * * LOW HITPOINT WARNING * * *
The bombardier beetle bites you.
You die...

Skill      XL: |  1  2  3  4 |
---------------+-------------+-----
Fighting       | 1 2 3 |  3.3
Necromancy     | 5 |  5.7
Dodging        | |  1.3
Stealth        | |  1.4
Spellcasting   | |  1.7

Action                     |  1- 3 |  4- 6 || total
---------------------------+-------+-------++-------
  Melee: Unarmed           |     1 |       ||     1
         Hand axe          |     4 |    18 ||    22
   Cast: Necrotise         |    48 |    61 ||   109
    Use: Potion            |       |     5 ||     5
 Armour: Robe              |     3 |       ||     3
         Leather armour    |     1 |    26 ||    27
  Dodge: Dodged            |     4 |    18 ||    22

Levels and vault maps discovered:
D:1:      dpeg_arrival_circle_labyrinth_b, layout_basic,
          hangedman_feature_mirror
D:2:      layout_basic
D:3:      layout_basic, serial_shops, nicolae_shop_overgrown_old_shop,
          nicolae_shop_crystal, minmay_lizard_king

Notes
Turn   | Place    | Note
-------+----------+-------------------------------------------
     0 | D:1      | cforsyth the Mountain Dwarf Necromancer began the quest for
                  | the Orb.
     0 | D:1      | Reached XP level 1. HP: 14/14 MP: 3/3
   372 | D:1      | Reached skill level 1 in Fighting
   402 | D:1      | Reached XP level 2. HP: 23/23 MP: 0/4
   878 | D:1      | Reached skill level 2 in Fighting
  1337 | D:2      | Reached skill level 5 in Necromancy
  1337 | D:2      | Reached XP level 3. HP: 29/29 MP: 3/5
  1630 | D:2      | Reached XP level 4. HP: 37/37 MP: 4/6
  1889 | D:2      | Reached skill level 3 in Fighting
  3276 | D:3      | HP: 2/38 [bombardier beetle (3)]
  3284 | D:3      | HP: 1/38 [burnt (2)]
  3284 | D:3      | Slain by a bombardier beetle

Vanquished Creatures
  A bombardier beetle (D:2)
  2 adders (D:2)
  A dart slug (D:2)
  3 ball pythons
  7 endoplasms
  8 giant cockroaches
  7 goblins
  3 hobgoblins
  5 jackals
  4 kobolds
  A quokka (D:1)
  2 bats (D:1)
  8 frilled lizards
  A rat (D:2)
53 creatures vanquished.

Vanquished Creatures (collateral kills)
  A dart slug (D:1)
  2 frilled lizards (D:3)
  A kobold (D:1)
  A rat (D:2)
5 creatures vanquished.

Grand Total: 58 creatures vanquished

Table legend: (Time is in decaauts)
 A = Elapsed time spent in this place.
 B = Non-inter-level travel time spent in this place.
 C = Inter-level travel time spent in this place.
 D = Time resting spent in this place.
 E = Time spent auto-exploring this place.
 F = Levels seen in this place.
 G = Mean time per level.
                   A        B        C        D        E       F      G
               +--------+--------+--------+--------+--------+-----+--------+
         Total |   3289 |   3181 |    108 |      0 |   2846 |   3 | 1096.3 |
       Dungeon |   3289 |   3181 |    108 |      0 |   2846 |   3 | 1096.3 |
               +--------+--------+--------+--------+--------+-----+--------+

Top non-repeatable levels by time:
     D:2: 1608 daAuts
     D:1: 1334 daAuts
     D:3: 347 daAuts

Table legend:
 A = Non-vault XP
 B = Vault XP
 C = Vault XP percentage of total XP
 D = Non-vault monster count
 E = Vault monster count
 F = Vault count percentage of total count
                 A         B        C        D         E       F
            +---------+---------+-------+---------+---------+-------
      Total |     160 |      11 |   6.4 |      49 |       9 |  15.5
            +---------+---------+-------+---------+---------+-------
        D:1 |      35 |       4 |  10.3 |      18 |       2 |  10.0
        D:2 |     114 |       0 |   0.0 |      25 |       0 |   0.0
        D:3 |      11 |       7 |  38.9 |       6 |       7 |  53.8
            +---------+---------+-------+---------+---------+-------
